 Dungeon Crawl Stone Soup version 0.25-a0-474-ga8a2ee3166 (webtiles) character file.

Game seed: 1880218926606930010, levelgen mode: deterministic

140 Kohma the Conjurer (level 5, -8/41 HPs)
             Began as a Draconian Conjurer on Feb 8, 2020.
             Mangled by an orc warrior
             ... wielding a +0 morningstar
              (18 damage)
             ... on level 3 of the Dungeon.
             The game lasted 00:09:55 (2679 turns).

Kohma the Conjurer (Draconian Conjurer)             Turns: 2679, Time: 00:09:56

Health: -8/41      AC:  6    Str: 11    XL:     5   Next: 2%
Magic:  2/9        EV: 12    Int: 16    God:
Gold:   97         SH:  0    Dex: 11    Spells: 7/10 levels left

rFire    . . .     SeeInvis .   s - +0 lajatang
rCold    . . .     Gourm    .   (shield currently unavailable)
rNeg     . . .     Faith    .   (armour unavailable)
rPois    .         Spirit   .   (helmet restricted)
rElec    .         Reflect  .   (no cloak)
rCorr    .         Harm     .   (no gloves)
MR       .....                  q - +0 pair of boots
Stlth    ++........             (no amulet)
HPRegen  0.13/turn              (no ring)
MPRegen  0.11/turn              (no ring)

@: no status effects
A: unfitting armour, cold-blooded, AC +5
a: no special abilities


You were on level 3 of the Dungeon.
You were hungry.

You visited 1 branch of the dungeon, and saw 3 of its levels.

You collected 97 gold pieces.

Inventory:

Hand Weapons
 p - a +0 hunting sling
 s - a +0 lajatang (weapon)
 w - a +0 rapier
Missiles
 e - 126 stones
 h - 23 poisoned darts (quivered)
Armour
 q - a +0 pair of boots (worn)
Jewellery
 j - a cursed amulet of inaccuracy {unknown}
 l - an uncursed ring of resist corrosion {unknown}
Scrolls
 a - a scroll of fog
 c - a scroll of noise {unknown}
 g - 8 scrolls of identify {unknown}
 n - a scroll of teleportation {unknown}
 o - 3 scrolls of remove curse {unknown}
 t - a scroll of magic mapping {unknown}
 u - 2 scrolls of amnesia {unknown}
Potions
 d - a potion of lignification {unknown}
 i - a potion of ambrosia {unknown}
 k - 2 potions of berserk rage {unknown}
 m - a potion of curing {unknown}
 r - 2 potions of might {unknown}
 v - a potion of flight {unknown}
Comestibles
 b - 2 rations
 f - 4 chunks of flesh


   Skills:
 + Level 1.6 Fighting
 - Level 1.1 Short Blades
 * Level 0.9 Staves
 - Level 1.7 Dodging
 - Level 1.7 Stealth
 + Level 3.1 Spellcasting
 - Level 5.0 Conjurations


You had 7 spell levels left.
You knew the following spells:

 Your Spells              Type           Power        Failure   Level  Hunger
a - Magic Dart            Conj           ###.         2%          1    None
b - Searing Ray           Conj           ###...       3%          2    ##.....

Your spell library contained the following spells:

 Spells                   Type           Power        Failure   Level  Hunger
 Dazzling Flash           Conj/Hex       ##....       21%         3    ###....
 Fulminant Prism          Conj/Hex       ##........   54%         4    ####...
 Iskenderun's Mystic Bla  Conj/Tloc      ##......     54%         4    ####...


Dungeon Overview and Level Annotations

Branches:
Dungeon (3/15)

Altars:
Fedhas
Gozag


Innate Abilities, Weirdness & Mutations

Your plain brown scales are hard. (AC +5)
You cannot fit into any form of body armour.
You are cold-blooded and may be slowed by cold attacks.


Message History

Casting: Searing Ray (safe; 3% risk of failure)
Confirm with . or Enter, or press ? or * to list all spells.
Aiming: Magic Dart (safe; 2% risk of failure)
Press: ? - help, Shift-Dir - straight line, f - orc
Aim: an orc, wielding a +0 hand axe and wearing a +0 chain mail (almost dead)
The magic dart hits the orc but does no damage.
The orc is almost dead.
You barely miss the orc.
The orc is almost dead.
The orc misses you.
You are feeling hungry.
You hit the orc but do no damage.
Your tail-slap misses the orc.
The orc is almost dead.
The orc hits you with a +0 hand axe.
* * * LOW HITPOINT WARNING * * *
As you read the scroll labeled EPECOLOSTA, it crumbles to dust.
The scroll dissolves into smoke.
It was a scroll of fog.
The orc warrior barely misses you.
The orc warrior hits you with a +0 morningstar!!
You die...

######### ........#
#######.# ......#.#######
## .####'#.#.....# ...
........#.....##### ....
........#.....#§@§# .....
........#..[..#§oo#..o...
........#.....'§§§o.o....
.....'#.#.....#...####...
.....'#.#.....#...#
........#.....#......
...........##.#........
...........##.#........
......<....##.###......


You could see an orc warrior, an orc priest and an orc.

Vanquished Creatures
  An orc wizard (D:3)
  2 adders
  3 gnolls (D:3)
  An ooze (D:2)
  2 worms (D:3)
  2 dart slugs (D:1)
  4 leopard geckos
  3 orcs (D:3)
  A giant cockroach (D:1)
  7 goblins
  3 hobgoblins (D:3)
  A ball python (D:3)
  5 bats
  2 frilled lizards (D:1)
  7 kobolds
  5 rats
49 creatures vanquished.

Notes
Turn   | Place    | Note
-------+----------+-------------------------------------------
     0 | D:1      | Kohma the Draconian Conjurer began the quest for the Orb.
     0 | D:1      | Reached XP level 1. HP: 14/14 MP: 3/3
   317 | D:1      | Reached XP level 2. HP: 20/20 MP: 5/5
   326 | D:1      | Learned a level 2 spell: Searing Ray
  1139 | D:2      | Found a faded altar of an unknown god.
  1162 | D:2      | Found an opulent altar of Gozag.
  1227 | D:2      | Reached XP level 3. HP: 26/26 MP: 6/6
  1698 | D:3      | Found a blossoming altar of Fedhas.
  1898 | D:3      | Reached skill level 5 in Conjurations
  2124 | D:3      | Reached XP level 4. HP: 30/34 MP: 5/8
  2155 | D:3      | Reached skill level 1 in Fighting
  2171 | D:3      | Reached skill level 1 in Short Blades
  2623 | D:3      | Reached XP level 5. HP: 40/41 MP: 2/9
  2668 | D:3      | Noticed an orc warrior
  2679 | D:3      | Mangled by an orc warrior

Levels and vault maps discovered:
D:1:      scummos_arrival_star, layout_basic
D:2:      layout_loops_ring, chequers_ecumenical_altar_island,
          nicolae_gozag_seed_capital
D:3:      minmay_wonky_spiral, layout_basic, fedhas_altar_1

Skill      XL: |  1  2  3  4 |
---------------+-------------+-----
Conjurations   | 5 |  5.0
Fighting       | 1 |  1.6
Short Blades   | 1 |  1.1
Spellcasting   | 3 |  3.1
Staves         | |  0.9
Dodging        | |  1.7
Stealth        | |  1.7

Action                   |  1- 3 |  4- 6 || total
-------------------------+-------+-------++-------
Melee: Dagger            |    23 |       ||    23
       Tailslap          |     1 |     2 ||     3
       Rapier            |     3 |    17 ||    20
       Lajatang          |       |     5 ||     5
Throw: Dart              |    31 |     6 ||    37
 Cast: Magic Dart        |    50 |    12 ||    62
       Searing Ray       |     4 |     5 ||     9
  Use: Scroll            |       |     1 ||     1
 Stab: Sleeping          |     1 |     1 ||     2
  Eat: Chunk             |     4 |     2 ||     6
Armor: Skin              |     8 |     9 ||    17
Dodge: Dodged            |    31 |    23 ||    54

Table legend:
 A = Non-vault XP
 B = Vault XP
 C = Vault XP percentage of total XP
 D = Non-vault monster count
 E = Vault monster count
 F = Vault count percentage of total count
                 A         B        C        D         E       F
            +---------+---------+-------+---------+---------+-------
      Total |     193 |       8 |   4.0 |      46 |       3 |   6.1
            +---------+---------+-------+---------+---------+-------
        D:1 |      30 |       0 |   0.0 |      17 |       0 |   0.0
        D:2 |      31 |       0 |   0.0 |       8 |       0 |   0.0
        D:3 |     132 |       8 |   5.7 |      21 |       3 |  12.5
            +---------+---------+-------+---------+---------+-------
